| TOP OF THE 1ST |
|
Syracuse Chiefs batting - Pitching for Albuquerque Isotopes : RHP Chris Geraci
|
|
Pitching: RHP Chris Geraci
|
|
|
Batting: RHB Dusty Ballard
|
0-0: Fly out, F8 (Flyball, 8LXD, EV 96.9 MPH)
|
|
Batting: LHB Jae-ik Soung
|
0-0: Foul Ball, location: 2F 0-1: Ball 1-1: Ground out 5-3 (Groundball, 5S, EV 91.9 MPH)
|
|
Batting: LHB Dana McDonald
|
0-0: Ball 1-0: Ball 2-0: Ball 3-0: Called Strike 3-1: Called Strike 3-2: Foul Ball, location: 2F 3-2: Base on Balls
|
|
Batting: LHB Dillon Gonzalez
|
0-0: Ball 1-0: Foul Ball, location: 2F 1-1: Called Strike 1-2: Ball 2-2: Strikes out swinging
|
| Top of the 1st over - 0 runs, 0 hits, 0 errors, 1 left on base; Syracuse 0 - Albuquerque 0 |
| BOTTOM OF THE 1ST |
|
Albuquerque Isotopes batting - Pitching for Syracuse Chiefs : LHP Mike Tracy
|
|
Pitching: LHP Mike Tracy
|
|
|
Batting: RHB Logan Morgan
|
0-0: Ball 1-0: Called Strike 1-1: Foul Ball, location: 2F 1-2: Ball 2-2: Foul Ball, location: 2F 2-2: Fly out, F8 (Line Drive, 8LS, EV 100.0 MPH)
|
|
Batting: LHB Gabe Harvey
|
0-0: Ball 1-0: Fly out, F9 (Flyball, 9D, EV 94.4 MPH)
|
|
Batting: RHB Mike Thornton
|
0-0: Ball 1-0: Ball 2-0: Ball 3-0: Hit by Pitch
|
|
Batting: RHB Eddie McCoy
|
0-0: Ground out 2-3 (Groundball, 2L, EV 73.1 MPH)
|
| Bottom of the 1st over - 0 runs, 0 hits, 0 errors, 1 left on base; Syracuse 0 - Albuquerque 0 |
| TOP OF THE 2ND |
|
Syracuse Chiefs batting - Pitching for Albuquerque Isotopes : RHP Chris Geraci
|
|
Batting: RHB Nate Dickinson
|
0-0: Swinging Strike 0-1: Ball 1-1: Foul Ball, location: 2F 1-2: Ball 2-2: Ball 3-2: Foul Ball, location: 2F 3-2: Fly out, F8 (Flyball, 8RD, EV 85.0 MPH)
|
|
Batting: RHB Donovan Auclair
|
0-0: Called Strike 0-1: DOUBLE (Line Drive, 89XD, EV 107.5 MPH)
|
|
Batting: RHB Niek de Haan
|
0-0: Called Strike 0-1: Called Strike 0-2: Fly out, F9 (Line Drive, 89M, EV 85.0 MPH)
|
|
Batting: RHB Ke-yue Hong
|
0-0: Called Strike 0-1: Foul Ball, location: 2F 0-2: Ground out 6-3 (Groundball, 6, EV 81.2 MPH)
|
| Top of the 2nd over - 0 runs, 1 hit, 0 errors, 1 left on base; Syracuse 0 - Albuquerque 0 |
| BOTTOM OF THE 2ND |
|
Albuquerque Isotopes batting - Pitching for Syracuse Chiefs : LHP Mike Tracy
|
|
Batting: RHB Ron Johansen
|
0-0: Ball 1-0: Ball 2-0: Fly out, F8 (Line Drive, 78M, EV 97.5 MPH)
|
|
Batting: SHB Mitchell Greene
|
0-0: Called Strike 0-1: Ball 1-1: Swinging Strike 1-2: Foul Ball, location: 2F 1-2: Strikes out swinging
|
|
Batting: LHB Katsunan Akimoto
|
0-0: Fly out, F7 (Flyball, 78S, EV 81.2 MPH)
|
| Bottom of the 2nd over - 0 runs, 0 hits, 0 errors, 0 left on base; Syracuse 0 - Albuquerque 0 |
| TOP OF THE 3RD |
|
Syracuse Chiefs batting - Pitching for Albuquerque Isotopes : RHP Chris Geraci
|
|
Batting: RHB Brennan Cameron
|
0-0: Ball 1-0: Ball 2-0: Ground out 4-3 (Groundball, 4, EV 88.8 MPH)
|
|
Batting: RHB Dusty Ballard
|
0-0: Foul Ball, location: 2F 0-1: Called Strike 0-2: Ball 1-2: Foul Ball, location: 2F 1-2: Ground out 6-3 (Groundball, 6, EV 83.1 MPH)
|
|
Batting: LHB Jae-ik Soung
|
0-0: Ball 1-0: Called Strike 1-1: Ground out 1-3 (Groundball, P, EV 72.5 MPH)
|
| Top of the 3rd over - 0 runs, 0 hits, 0 errors, 0 left on base; Syracuse 0 - Albuquerque 0 |
| BOTTOM OF THE 3RD |
|
Albuquerque Isotopes batting - Pitching for Syracuse Chiefs : LHP Mike Tracy
|
|
Batting: LHB Alan Bianchard
|
0-0: Ball 1-0: Foul Ball, location: 2F 1-1: Ball 2-1: Ball 3-1: Swinging Strike 3-2: Strikes out swinging
|
|
Batting: RHB Bobby Heagle
|
0-0: Ball 1-0: SINGLE (Line Drive, 78S, EV 90.0 MPH)
|
|
Batting: RHB Logan Morgan
|
0-0: Foul Ball, location: 2F 0-1: Fly out, F7 (Flyball, 78XD, EV 112.5 MPH)
|
|
Batting: LHB Gabe Harvey
|
0-0: Ball 1-0: Ball 2-0: Fly out, F7 (Flyball, 78S, EV 98.1 MPH)
|
| Bottom of the 3rd over - 0 runs, 1 hit, 0 errors, 1 left on base; Syracuse 0 - Albuquerque 0 |
| TOP OF THE 4TH |
|
Syracuse Chiefs batting - Pitching for Albuquerque Isotopes : RHP Chris Geraci
|
|
Batting: LHB Dana McDonald
|
0-0: Swinging Strike 0-1: Ground out 4-3 (Groundball, 34D, EV 103.8 MPH)
|
|
Batting: LHB Dillon Gonzalez
|
0-0: Ball 1-0: SOLO HOME RUN (Line Drive, 78XD, EV 99.4 MPH), Distance : 411 ft
|
|
Batting: RHB Nate Dickinson
|
0-0: Foul Ball, location: 2F 0-1: Ball 1-1: Ball 2-1: Ball 3-1: Foul Ball, location: 2F 3-2: Base on Balls
|
|
Batting: RHB Donovan Auclair
|
0-0: Ball Nate Dickinson steals 2nd, throwing error, E2 Nate Dickinson to third 1-0: Swinging Strike 1-1: Swinging Strike 1-2: Ball 2-2: Ground out U3 (Groundball, 3L, EV 86.2 MPH)
|
|
Batting: RHB Niek de Haan
|
0-0: Called Strike 0-1: Ball 1-1: Called Strike 1-2: Strikes out looking
|
| Top of the 4th over - 1 run, 1 hit, 1 error, 1 left on base; Syracuse 1 - Albuquerque 0 |
| BOTTOM OF THE 4TH |
|
Albuquerque Isotopes batting - Pitching for Syracuse Chiefs : LHP Mike Tracy
|
|
Batting: RHB Mike Thornton
|
0-0: Ball 1-0: Swinging Strike 1-1: Ball 2-1: Called Strike 2-2: SINGLE (Line Drive, 8LS, EV 97.5 MPH)
|
|
Batting: RHB Eddie McCoy
|
0-0: Swinging Strike 0-1: Ball 1-1: Foul Ball, location: 2F 1-2: Ball 2-2: Foul Ball, location: 2F 2-2: Grounds into double play, 4-6-3 (Groundball, 4, EV 81.2 MPH)
|
|
Batting: RHB Ron Johansen
|
0-0: Called Strike 0-1: Fly out, F7 (Flyball, 78S, EV 83.1 MPH)
|
| Bottom of the 4th over - 0 runs, 1 hit, 0 errors, 0 left on base; Syracuse 1 - Albuquerque 0 |
| TOP OF THE 5TH |
|
Syracuse Chiefs batting - Pitching for Albuquerque Isotopes : RHP Chris Geraci
|
|
Batting: RHB Ke-yue Hong
|
0-0: Foul Ball, location: 2F 0-1: Ball 1-1: Ball 2-1: Foul Ball, location: 2F 2-2: SINGLE (Line Drive, 4D, EV 97.5 MPH)
|
|
Batting: RHB Brennan Cameron
|
0-0: Foul Ball, location: 2F 0-1: Ball Ke-yue Hong is caught stealing 2nd base 2-4 1-1: DOUBLE (Line Drive, 8RXD, EV 105.0 MPH)
|
|
Batting: RHB Dusty Ballard
|
0-0: Called Strike 0-1: Ball 1-1: Fly out, F2 (Popup, 25F, EV 78.8 MPH)
|
|
Batting: LHB Jae-ik Soung
|
0-0: Called Strike 0-1: Swinging Strike 0-2: Strikes out swinging
|
| Top of the 5th over - 0 runs, 2 hits, 0 errors, 1 left on base; Syracuse 1 - Albuquerque 0 |
| BOTTOM OF THE 5TH |
|
Albuquerque Isotopes batting - Pitching for Syracuse Chiefs : LHP Mike Tracy
|
|
Batting: SHB Mitchell Greene
|
0-0: Ball 1-0: Called Strike 1-1: Foul Ball, location: 2F 1-2: Foul Ball, location: 2F 1-2: Ball 2-2: Strikes out swinging
|
|
Batting: LHB Katsunan Akimoto
|
0-0: Called Strike 0-1: Ball 1-1: Swinging Strike 1-2: Ball 2-2: Ground out 5-3 (Groundball, 5, EV 90.0 MPH)
|
|
Batting: LHB Alan Bianchard
|
0-0: Called Strike 0-1: Ball 1-1: Ground out 1-3 (Groundball, 15S, EV 70.6 MPH)
|
| Bottom of the 5th over - 0 runs, 0 hits, 0 errors, 0 left on base; Syracuse 1 - Albuquerque 0 |
| TOP OF THE 6TH |
|
Syracuse Chiefs batting - Pitching for Albuquerque Isotopes : RHP Chris Geraci
|
|
Batting: LHB Dana McDonald
|
0-0: Called Strike 0-1: Foul Ball, location: 2F 0-2: Ground out U3 (Groundball, 3L, EV 80.6 MPH)
|
|
Batting: LHB Dillon Gonzalez
|
0-0: Ground out U3 (Groundball, 13, EV 83.1 MPH)
|
|
Batting: RHB Nate Dickinson
|
0-0: Foul Ball, location: 2F 0-1: Ball 1-1: Fly out, F9 (Flyball, 9LM, EV 80.6 MPH)
|
| Top of the 6th over - 0 runs, 0 hits, 0 errors, 0 left on base; Syracuse 1 - Albuquerque 0 |
| BOTTOM OF THE 6TH |
|
Albuquerque Isotopes batting - Pitching for Syracuse Chiefs : LHP Mike Tracy
|
|
Batting: RHB Bobby Heagle
|
0-0: Ball 1-0: Called Strike 1-1: Ball 2-1: Called Strike 2-2: Strikes out swinging
|
|
Batting: RHB Logan Morgan
|
0-0: Swinging Strike 0-1: Foul Ball, location: 2F 0-2: Ball 1-2: Fly out, F7 (Line Drive, 7, EV 95.0 MPH)
|
|
Batting: LHB Gabe Harvey
|
0-0: Ball 1-0: Fly out, F4 (Line Drive, 4, EV 60.6 MPH)
|
| Bottom of the 6th over - 0 runs, 0 hits, 0 errors, 0 left on base; Syracuse 1 - Albuquerque 0 |
| TOP OF THE 7TH |
|
Syracuse Chiefs batting - Pitching for Albuquerque Isotopes : RHP Chris Geraci
|
|
Batting: RHB Donovan Auclair
|
0-0: Ball 1-0: Fly out, F9 (Flyball, 9, EV 96.2 MPH)
|
|
Batting: RHB Niek de Haan
|
0-0: Called Strike 0-1: Called Strike 0-2: Ball 1-2: DOUBLE (Line Drive, 3D, EV 97.5 MPH)
|
|
Batting: RHB Ke-yue Hong
|
0-0: Called Strike 0-1: Called Strike 0-2: Ball 1-2: Ball 2-2: Ground out 4-3 (Groundball, 4, EV 86.9 MPH) Niek de Haan to third
|
|
Batting: RHB Brennan Cameron
|
0-0: Fly out, F8 (Flyball, 8LD, EV 110.0 MPH)
|
| Top of the 7th over - 0 runs, 1 hit, 0 errors, 1 left on base; Syracuse 1 - Albuquerque 0 |
| BOTTOM OF THE 7TH |
|
Albuquerque Isotopes batting - Pitching for Syracuse Chiefs : LHP Mike Tracy
|
|
Batting: RHB Mike Thornton
|
0-0: SINGLE (Line Drive, 34D, EV 98.1 MPH)
|
|
Batting: RHB Eddie McCoy
|
0-0: Called Strike 0-1: Ball 1-1: Ball 2-1: Ball 3-1: SINGLE (Flyball, 8LS, EV 95.0 MPH) Mike Thornton to second
|
|
Batting: RHB Ron Johansen
|
0-0: Ball 1-0: Called Strike 1-1: SINGLE (Groundball, 6D, EV 95.0 MPH) Mike Thornton to third Eddie McCoy to second
|
|
Batting: SHB Mitchell Greene
|
0-0: Ball Wild Pitch! Mike Thornton scores Eddie McCoy to third Ron Johansen to second 1-0: Intentional Walk
|
|
Batting: LHB Katsunan Akimoto
|
0-0: Ball 1-0: Ball 2-0: Swinging Strike 2-1: Ball Wild Pitch! Eddie McCoy scores Ron Johansen to third Mitchell Greene to second 3-1: Base on Balls
|
|
Batting: LHB Alan Bianchard
|
0-0: Foul Ball, location: 2F 0-1: Ball 1-1: Swinging Strike 1-2: Ball 2-2: Ball 3-2: Fly out, F8 (Flyball, 8LM, EV 85.6 MPH)
|
|
Batting: RHB Bobby Heagle
|
0-0: Swinging Strike 0-1: Fly out, F8 (Flyball, 89D, EV 99.4 MPH) Runner from 3rd tags up, SCORES, no throw by CF
|
|
Pitching: RHP Bill Stump
|
|
|
Batting: RHB Logan Morgan
|
0-0: Ball 1-0: Called Strike 1-1: Foul Ball, location: 2F 1-2: Strikes out looking
|
| Bottom of the 7th over - 3 runs, 3 hits, 0 errors, 2 left on base; Syracuse 1 - Albuquerque 3 |
| TOP OF THE 8TH |
|
Syracuse Chiefs batting - Pitching for Albuquerque Isotopes : RHP Chris Geraci
|
|
Pitching: RHP Jason Miles
|
|
|
Batting: RHB Dusty Ballard
|
0-0: Ball 1-0: SINGLE (Flyball, 8RS, EV 90.6 MPH)
|
|
Batting: LHB Jae-ik Soung
|
0-0: Foul Ball, location: 2F 0-1: Ball 1-1: Swinging Strike 1-2: Ball 2-2: Ball 3-2: Ground out U3 (Groundball, 3S, EV 75.0 MPH) Dusty Ballard to second
|
|
Batting: LHB Dana McDonald
|
0-0: Ball 1-0: Ball 2-0: Ball 3-0: Called Strike 3-1: Called Strike 3-2: Strikes out swinging
|
|
Batting: LHB Dillon Gonzalez
|
0-0: Ball 1-0: Foul Ball, location: 2F 1-1: Called Strike 1-2: Strikes out swinging
|
| Top of the 8th over - 0 runs, 1 hit, 0 errors, 1 left on base; Syracuse 1 - Albuquerque 3 |
| BOTTOM OF THE 8TH |
|
Albuquerque Isotopes batting - Pitching for Syracuse Chiefs : RHP Bill Stump
|
|
Batting: LHB Gabe Harvey
|
0-0: Called Strike 0-1: Ground out 1-3 (Groundball, 13, EV 70.6 MPH)
|
|
Batting: RHB Mike Thornton
|
0-0: SINGLE (Line Drive, 7LS, EV 86.9 MPH)
|
|
Batting: RHB Eddie McCoy
|
0-0: Foul Ball, location: 2F 0-1: Called Strike 0-2: Ball 1-2: Strikes out swinging
|
|
Batting: RHB Ron Johansen
|
0-0: Fielders Choice at 2nd, 5-4 (Groundball, 56, EV 101.9 MPH)
|
| Bottom of the 8th over - 0 runs, 1 hit, 0 errors, 1 left on base; Syracuse 1 - Albuquerque 3 |
| TOP OF THE 9TH |
|
Syracuse Chiefs batting - Pitching for Albuquerque Isotopes : RHP Jason Miles
|
|
Pitching: RHP Jason Sterner
|
|
|
Batting: RHB Nate Dickinson
|
0-0: Called Strike 0-1: Ball 1-1: Ball 2-1: Swinging Strike 2-2: SINGLE (Groundball, 6MD, EV 101.9 MPH)
|
|
Pinch Hitting: RHB Adam Burke
|
0-0: Ball 1-0: Called Strike 1-1: Called Strike 1-2: Ball 2-2: Foul Ball, location: 2F 2-2: Ball 3-2: Ground out 6-3 (Groundball, 6MD, EV 85.6 MPH) Nate Dickinson to second
|
|
Batting: RHB Niek de Haan
|
0-0: Ground out 1-3 (Groundball, P, EV 73.8 MPH) Nate Dickinson to third
|
|
Pinch Hitting: LHB Shinji Adachi
|
0-0: Ball 1-0: Called Strike 1-1: Fly out, F7 (Flyball, 7LSF, EV 91.2 MPH)
|
| Top of the 9th over - 0 runs, 1 hit, 0 errors, 1 left on base; Syracuse 1 - Albuquerque 3 |
|